 Dungeon Crawl Stone Soup version 0.24.0-13-gcf9b3192b9 (webtiles) character file.

Game seed: 14670991433746668496, levelgen mode: deterministic

11415 inmateoo the Spear-Bearer (level 12, -2/97 HPs)
             Began as a Formicid Fighter on Nov 8, 2019.
             Was the Champion of Okawaru.
             Killed from afar by Azrael (58 damage)
             ... with damnation
             ... on level 11 of the Dungeon.
             The game lasted 00:14:24 (12968 turns).

inmateoo the Spear-Bearer (Formicid Fighter)       Turns: 12968, Time: 00:14:24

Health: -2/97      AC: 26    Str: 26    XL:     12   Next: 7%
Magic:  16/16      EV: 22    Int: 10    God:    Okawaru [******]
Gold:   554        SH:  5    Dex: 10    Spells: 11/11 levels left

rFire    . . .     SeeInvis +   s - +4 spear (venom)
rCold    . . .     Gourm    .   h - +0 buckler {AC+3}
rNeg     + . .     Faith    .   y - +0 plate armour
rPois    .         Spirit   .   (helmet unavailable)
rElec    +         Reflect  .   l - +1 cloak
rCorr    +         Harm     .   M - +4 pair of gloves of Masochism {-Tele rElec rCorr Str-3}
MR       +....                  n - +0 pair of boots
Stlth    ..........             E - amulet of the acrobat
HPRegen  0.26/turn              (no ring)
MPRegen  0.15/turn              C - ring of positive energy

@: mighty, acrobat
A: permanent stasis, dig shafts and tunnels, four strong arms, antennae 3
a: Dig, Shaft Self, Heroism, Finesse, Renounce Religion


You were on level 11 of the Dungeon.
You worshipped Okawaru.
Okawaru was exalted by your worship.
You were not hungry.

You visited 1 branch of the dungeon, and saw 12 of its levels.

You collected 742 gold pieces.
You spent 188 gold pieces at shops.

Inventory:

Hand Weapons
 a - a +1 trident
 s - a +4 spear of venom (weapon)
 F - a +1 halberd of venom
Missiles
 m - 2 javelins (quivered)
Armour
 c - a +0 shield
 h - a +0 buckler of protection (worn)
 l - a +1 cloak (worn)
 n - a +0 pair of boots (worn)
 y - a +0 plate armour (worn)
 M - the +4 pair of gloves of Masochism (worn) {-Tele rElec rCorr Str-3}
   (Okawaru gifted it to you on level 11 of the Dungeon)

   It affects your strength (-3).
   It insulates you from electricity.
   It prevents most forms of teleportation.
   It provides partial protection from all sources of acid and corrosion.
Jewellery
 t - an uncursed ring of flight
 v - an uncursed ring of fire
 x - a +3 amulet of reflection {unknown}
 C - a ring of positive energy (right hand)
 E - an amulet of the acrobat (around neck)
Wands
 b - a wand of polymorph (4)
 z - a wand of flame (24)
 G - a wand of random effects (15)
Scrolls
 i - 6 scrolls of remove curse
 q - 2 scrolls of fog
 r - a scroll of enchant armour
 D - a scroll of amnesia
 I - 3 scrolls of identify
Potions
 d - a potion of might
 e - a potion of lignification
 g - a potion of magic
 j - 4 potions of heal wounds
 k - 2 potions of agility
 o - a potion of experience
 p - a potion of cancellation
 w - 4 potions of degeneration {unknown}
 A - 2 potions of curing
 B - 3 potions of ambrosia
 J - a potion of flight
 K - a potion of invisibility {unknown}
 L - a potion of mutation {unknown}
Comestibles
 f - 27 rations
 H - 3 chunks of flesh


   Skills:
 + Level 9.7 Fighting
 * Level 11.9 Polearms
 + Level 9.8 Armour
 - Level 8.0 Shields
 - Level 5.4 Invocations


You had 11 spell levels left.
You didn't know any spells.
Your spell library was empty.

Dungeon Overview and Level Annotations

Branches:
Dungeon (12/15)            Temple (0/1) D:4            Lair (0/6) D:8
    Orc: D:9-12

Altars:
Ashenzari
Cheibriados
Dithmenos
Fedhas
Gozag
Kikubaaqudgha
Nemelex Xobeh
Okawaru
Sif Muna
Trog
Vehumet
Zin
The Shining One

Shops:
D:5 [[**   D:6 [   D:8 =   D:11 =

Annotations:
D:8 2 transporters, Jatjacob's ghost, novice MiBe
D:11 Azrael


Innate Abilities, Weirdness & Mutations

You cannot be hasted, slowed, berserked, paralysed or teleported.
You can dig through walls and to a lower floor.
Your four strong arms can wield two-handed weapons with a shield.
You have a pair of large antennae on your head. (SInv)


Message History

You are covered in liquid flames!
Azrael hits you but does no damage.
The freezing wraith hits you but does no damage.
You block the freezing wraith's attack.
Unknown command.
Okay, then.
You are covered in liquid flames!
Azrael barely misses you.
Unknown command.
Azrael gestures at you. The sticky flame misses you.
Unknown command.
Unknown command.
Unknown command.
Unknown command.
Unknown command.
Azrael gestures at you.
The sphere of damnation explodes!
The damnation engulfs you!!!
Ouch! That really hurt!
You die...

#....##...###..##..##
#....#...............
#....#...............
##.####'##.##.###..##
######.##.##.###).##
###.................
##)#.................
##[#....○.○.>.........
#.###@.R..............
##.....W.......##.....
#######.####..####'##
#..########..##.....
#....#........'.....
#....'.......##.....
##..##.####..##.....
######.####..##.....
#......#...........)


You could see Azrael and a freezing wraith.

Vanquished Creatures
  2 two-headed ogres
  3 death yaks (D:8)
  Pikel (D:8)
  A cyclops (D:11)
  A troll (D:10)
  2 hippogriffs
  11 yaks
  A steam dragon (D:10)
  Edmund (D:4)
  An acid dragon (D:11)
  3 orc warriors
  3 sky beasts
  A necrophage (D:10)
  2 ice beasts
  A slave (D:8)
  4 ogres
  4 phantoms
  2 centaurs
  A big kobold (D:8)
  3 bullfrogs
  A water moccasin zombie (D:11)
  3 scorpions
  5 killer bees
  8 wights
  3 howler monkeys
  8 crimson imps
  A quasit (D:5)
  A bullfrog zombie (D:6)
  4 centaur zombies
  5 hounds
  2 jellies
  A bullfrog skeleton (D:11)
  6 orc priests
  3 centaur skeletons
  2 iguanas
  8 orc wizards
  2 hell rats (D:8)
  10 worker ants
  A mummy (D:7)
  A howler monkey zombie (D:8)
  A worker ant zombie (D:10)
  14 gnolls
  12 adders
  3 shadow imps
  4 adder skeletons
  An adder zombie (D:9)
  6 worms
  2 dart slugs
  A leopard gecko (D:1)
  31 orcs
  5 ball pythons
  6 bats
  5 giant cockroaches
  8 goblins
  7 hobgoblins
  14 jackals
  7 kobolds
  8 quokkas
  6 frilled lizards
  A giant cockroach zombie (D:6)
  A leopard gecko skeleton (D:4)
  7 rats
273 creatures vanquished.

Notes
Turn   | Place    | Note
-------+----------+-------------------------------------------
     0 | D:1      | inmateoo the Formicid Fighter began the quest for the Orb.
     0 | D:1      | Reached XP level 1. HP: 18/18 MP: 1/1
    48 | D:1      | Reached XP level 2. HP: 24/24 MP: 2/2
   418 | D:1      | Reached XP level 3. HP: 29/29 MP: 3/3
  1024 | D:2      | Found a radiant altar of Vehumet.
  1075 | D:2      | Reached XP level 4. HP: 30/37 MP: 4/4
  1079 | D:2      | Reached skill level 3 in Polearms
  2152 | D:3      | Found a blossoming altar of Fedhas.
  2153 | D:3      | Found an iron altar of Okawaru.
  2199 | D:3      | Became a worshipper of Warmaster Okawaru
  2381 | D:3      | Reached XP level 5. HP: 42/42 MP: 5/5
  3639 | D:4      | Reached XP level 6. HP: 38/48 MP: 6/6
  3640 | D:4      | Reached skill level 4 in Polearms
  3641 | D:4      | Reached skill level 1 in Invocations
  3697 | D:4      | Found a staircase to the Ecumenical Temple.
  3738 | D:4      | Noticed an ogre
  3786 | D:4      | Killed an ogre
  3786 | D:4      | Reached * piety under Okawaru
  3786 | D:4      | Reached skill level 5 in Shields
  3786 | D:4      | Reached XP level 7. HP: 19/55 MP: 6/8
  4262 | D:4      | Noticed Edmund
  4278 | D:4      | Killed Edmund
  4278 | D:4      | Reached skill level 5 in Polearms
  4686 | D:4      | Found an ancient bone altar of Kikubaaqudgha.
  4703 | D:5      | Entered Level 5 of the Dungeon
  5104 | D:5      | Reached skill level 5 in Fighting
  5104 | D:5      | Reached skill level 5 in Armour
  5104 | D:5      | Reached XP level 8. HP: 54/62 MP: 10/10
  5112 | D:5      | Reached ** piety under Okawaru
  5310 | D:5      | Found Nyx Miri's General Store.
  5313 | D:5      | Bought a potion of might for 44 gold pieces
  5313 | D:5      | Bought a scroll of fear for 38 gold pieces
  5339 | D:5      | Found Iqieczil's Assorted Antiques.
  5345 | D:5      | Bought a metallic dark potion for 26 gold pieces
  5345 | D:5      | Bought a bubbling blue potion for 26 gold pieces
  5681 | D:5      | Found Inudoc's Armour Emporium.
  5683 | D:5      | Found Qefeelol's Antique Armour Shoppe.
  5694 | D:5      | Bought a +0 pair of boots for 54 gold pieces
  5977 | D:6      | Found Zoadunola's Antique Armour Shop.
  6183 | D:6      | Reached skill level 6 in Polearms
  6530 | D:6      | Found a sparkling altar of Nemelex Xobeh.
  6876 | D:6      | Reached XP level 9. HP: 28/69 MP: 12/12
  7151 | D:6      | Reached *** piety under Okawaru
  7277 | D:6      | Found a glowing silver altar of Zin.
  7568 | D:7      | Found a glowing golden altar of the Shining One.
  7582 | D:7      | Reached skill level 7 in Polearms
  7677 | D:7      | Found an opulent altar of Gozag.
  7782 | D:7      | Found a snail-covered altar of Cheibriados.
  8047 | D:7      | Found a shimmering blue altar of Sif Muna.
  8091 | D:8      | Found a transporter.
  8091 | D:8      | Found a transporter.
  8091 | D:8      | Noticed Jatjacob's ghost (novice MiBe)
  8094 | D:8      | Noticed a troll
  8094 | D:8      | Noticed a deep troll
  8492 | D:8      | Noticed a death yak
  8494 | D:8      | Found a staircase to the Lair.
  8494 | D:8      | Noticed a death yak
  8495 | D:8      | Noticed a hippogriff
  8509 | D:8      | Noticed a death yak
  8515 | D:8      | Killed a death yak
  8515 | D:8      | Reached **** piety under Okawaru
  8515 | D:8      | Reached skill level 8 in Polearms
  8515 | D:8      | Reached skill level 5 in Invocations
  8529 | D:8      | Reached XP level 10. HP: 33/77 MP: 14/14
  8769 | D:8      | Noticed Pikel
  8806 | D:8      | Killed Pikel
  8899 | D:8      | Killed a death yak
  8899 | D:8      | Reached ***** piety under Okawaru
  9201 | D:8      | Reached skill level 9 in Polearms
  9260 | D:8      | Killed a death yak
  9449 | D:8      | Found Terituuts's Jewellery Boutique.
  9504 | D:8      | Found a shadowy altar of Dithmenos.
  9835 | D:9      | Found a shattered altar of Ashenzari.
  9870 | D:9      | Found a bloodstained altar of Trog.
 10401 | D:9      | Reached skill level 10 in Polearms
 10401 | D:9      | Reached XP level 11. HP: 85/86 MP: 15/15
 10954 | D:10     | Entered Level 10 of the Dungeon
 11199 | D:10     | Received a gift from Okawaru
 11238 | D:10     | Reached ****** piety under Okawaru
 11375 | D:10     | Reached skill level 11 in Polearms
 11531 | D:10     | Noticed a two-headed ogre
 11553 | D:10     | Killed a two-headed ogre
 12073 | D:11     | Noticed a two-headed ogre
 12166 | D:11     | Noticed a cyclops
 12185 | D:11     | Killed a cyclops
 12371 | D:11     | Killed a two-headed ogre
 12371 | D:11     | Received a gift from Okawaru
 12374 | D:11     | Got a pair of translucent gloves {god gift}
 12386 | D:11     | Identified the +4 pair of gloves of Masochism {-Tele rElec
                  | rCorr Str-3} (Okawaru gifted it to you on level 11 of the
                  | Dungeon)
 12499 | D:11     | Reached XP level 12. HP: 70/96 MP: 16/16
 12786 | D:11     | Found Hueffuqu's Jewellery Shoppe.
 12951 | D:12     | Noticed Azrael
 12951 | D:12     | Noticed a death knight
 12968 | D:11     | Killed from afar by Azrael

Levels and vault maps discovered:
D:1:      dpeg_arrival_chambers_temple_mockup, layout_loops_cross
D:2:      layout_basic, vehumet_crystals
D:3:      layout_basic, chequers_temple_overflow_statue_of_worship, first_ration
D:4:      layout_rooms, nicolae_overflow_hidden_temple,
          minmay_temple_entry_grid, bh_walls_and_bars, uniq_edmund
D:5:      layout_cave_pods, serial_shops, nicolae_shop_statue_plus,
          nicolae_shop_window_shopping, shop, nicolae_shop_statue_plus
D:6:      layout_basic, kennysheep_mini, nicolae_overflow_crystal_walls,
          serial_shops, nicolae_shop_behind_doors, hangedman_decor_peaks_small,
          kennysheep_another_room, grunt_ministairs_11
D:7:      layout_loops_cross, slow_altar_2, lemuel_blue_sif_altar,
          kennysheep_mini_moat, lemuel_crystal_altar
D:8:      layout_rooms, grunt_dithmenos_shadows, dpeg_lair_monsters,
          gammafunk_ghost_arena, serial_shops, nicolae_shop_window_shopping,
          blue_anna_alchemist [blue_anna_fruit_fields, blue_anna_fruit_fields],
          uniq_pikel
D:9:      layout_basic, kennysheep_little_box, cheibrodos_ashenzari_chains
D:10:     layout_loops_cross, grunt_potential
D:11:     layout_gridville, serial_shops, shop
D:12:     layout_rooms, zombieorc2_lemuel, serial_shops,
          nicolae_shop_behind_doors, minivault_10, st_stairs_4, uniq_azrael

Skill      XL: |  1  2  3  4  5  6  7  8  9 10 11 |
---------------+----------------------------------+-----
Shields        | 4 5 6 7 8 |  8.0
Polearms       | 3 4 5 6 8 10 11 | 11.9
Armour         | 4 5 6 8 9 |  9.8
Fighting       | 4 5 6 8 9 |  9.7
Invocations    | 1 2 4 5 |  5.4

Action                   |  1- 3 |  4- 6 |  7- 9 | 10-12 || total
-------------------------+-------+-------+-------+-------++-------
Melee: Trident           |   115 |   244 |   266 |       ||   625
       Spear             |       |       |   148 |   709 ||   857
Invok: Heroism           |       |       |     1 |       ||     1
 Abil: Dig               |       |     4 |     6 |    15 ||    25
  Use: Potion            |       |     4 |     1 |     1 ||     6
       Scroll            |       |       |    15 |     6 ||    21
  Eat: Chunk             |       |     9 |    18 |    12 ||    39
       Ration            |       |       |       |     1 ||     1
Armor: Scale mail        |    34 |    95 |   157 |       ||   286
       Plate armour      |       |       |     6 |   215 ||   221
Dodge: Dodged            |    31 |    82 |   117 |   114 ||   344
Block: Shield            |    61 |   134 |       |       ||   195
       Buckler           |       |     3 |    74 |    75 ||   152
